Map: [ESL] Tropical Sacrifice

Players

Neeb - Winner!

  • Race: Protoss Protoss
  • League: Grandmaster
  • Spawn Location: 7:00

Geralt (Gerald)

  • Race: Protoss Protoss
  • League: Grandmaster
  • Spawn Location: 1:00

Event: TSL 9

VOD

Have the link to the VOD?

Description

Time

  • Played on: July 30, 2022, 11:25 a.m.
  • Length: 17:05
Show
View Real Time Build Order
Export as new Build Order

Neeb Protoss - Winner!

Build Orders: Oracle Opening, Blink Stalkers 

Get SALT Encoding   

  12  0:00  Probe  
  13  0:12  Probe  
  14  0:18  Pylon  
  14  0:24  Probe (Chrono Boost)  
  15  0:36  Probe (Chrono Boost)  
  15  0:38  Gateway  
  16  0:45  Probe (Chrono Boost)  
  16  0:47  Assimilator  
  17  0:52  Probe (Chrono Boost)  
  18  0:59  Assimilator  
  18  1:05  Probe (Chrono Boost)  
  18  1:07  Pylon  
  19  1:13  Probe (Chrono Boost)  
  20  1:19  Probe  
  21  1:25  Cybernetics Core  
  21  1:31  Probe  
  22  1:35  Zealot  
  24  1:43  Probe  
  25  1:55  Probe  
  26  2:07  Stargate, Stalker  
  28  2:12  Probe  
  28  2:13  Warp Gate  
  29  2:17  Pylon  
  29  2:42  Nexus  
  29  2:50  Oracle (Chrono Boost)  
  32  2:58  Probe  
  34  3:10  Probe  
  33  3:14  Gateway  
  33  3:20  Twilight Council  
  33  3:23  Probe  
  34  3:29  Pylon  
  34  3:35  Probe  
  35  3:47  Probe  
  36  3:56  Probe, Blink (Chrono Boost)  
  36  3:59  Probe  
  36  4:01  Stalker  
  40  4:08  Probe  
  41  4:10  Shield Battery  
  41  4:11  Probe  
  41  4:16  Stalker  
  44  4:20  Probe  
  44  4:23  Probe  
  44  4:30  Stalker  
  46  4:32  Probe  
  46  4:34  Pylon  
  46  4:36  Probe  
  48  4:40  Stalker  
  48  4:44  Probe  
  51  4:46  Pylon  
  51  4:49  Probe  
  52  4:54  Pylon  
  52  4:56  Probe  
  52  4:57  Stalker  
  52  5:01  Probe  
  52  5:05  Gateway  
  53  5:08  Stalker  
  53  5:13  Probe x2  
  57  5:21  Stalker  
  59  5:26  Assimilator  
  59  5:27  Probe x2  
  61  5:34  Stalker  
  63  5:43  Nexus  
  63  5:46  Robotics Facility  
  63  5:47  Stalker  
  65  5:50  Probe  
  65  5:51  Probe  
  67  5:57  Gateway  
  67  6:02  Sentry x2  
  67  6:03  Probe x2  
  72  6:07  Forge  
  72  6:15  Probe  
  72  6:16  Probe  
  74  6:24  Charge  
  74  6:28  Probe x2  
  74  6:32  Pylon  
  76  6:34  Observer  
  76  6:35  Gateway  
  76  6:36  Gateway  
  76  6:38  Gateway  
  77  6:40  Protoss Ground Weapons Level 1 (Chrono Boost), Probe  
  77  6:45  Sentry  
  80  6:48  Probe  
  80  6:49  Pylon  
  81  6:54  Gateway  
  81  6:55  Probe  
  81  6:56  Probe  
  80  7:08  Probe  
  80  7:09  Zealot  
  80  7:10  Zealot x3  
  80  7:11  Probe x2  
  90  7:20  Warp Prism, Probe  
  93  7:25  Probe  
  94  7:33  Probe  
  95  7:39  Pylon  
  95  7:41  Stalker x3  
  95  7:42  Nexus  
  95  7:43  Stalker  
  103  7:46  Stalker  
  103  7:51  Stalker  
  107  7:54  Pylon  
  107  7:59  Stalker x2  
  107  8:03  Probe x3  
  114  8:12  Zealot x4  
  122  8:15  Probe  
  122  8:16  Zealot x2  
  127  8:20  Probe  
  127  8:25  Probe  
  121  8:34  Protoss Ground Weapons Level 2 (Chrono Boost)  
  121  8:37  Zealot x6  
  133  8:52  Pylon  
  133  8:53  Pylon  
  133  8:54  Probe  
  134  8:55  Probe  
  134  8:57  Pylon  
  134  8:59  Dark Shrine, Pylon  
  133  9:02  Probe (Chrono Boost)  
  133  9:04  Probe (Chrono Boost)  
  133  9:08  Probe (Chrono Boost)  
  133  9:09  Probe (Chrono Boost)  
  131  9:10  Shield Battery  
  131  9:13  Shield Battery  
  131  9:14  Probe (Chrono Boost)  
  131  9:16  Probe (Chrono Boost)  
  133  9:19  Probe x2 (Chrono Boost)  
  133  9:20  Immortal (Chrono Boost)  
  133  9:21  Probe x2 (Chrono Boost)  
  133  9:23  Probe (Chrono Boost)  
  140  9:31  Probe  
  140  9:35  Probe x2  
  143  9:39  Probe  
  143  9:41  Stalker x6  
  156  9:52  Assimilator  
  156  9:53  Assimilator  
  156  9:54  Shield Battery  
  156  9:55  Observer (Chrono Boost)  
  156  9:57  Pylon  
  156  9:59  Photon Cannon  
  157  10:01  Stalker x2  
  157  10:05  Gateway  
  161  10:07  Gateway  
  161  10:08  Gateway  
  161  10:09  Photon Cannon  
  161  10:10  Shadow Stride (Chrono Boost)  
  161  10:19  Robotics Bay  
  161  10:25  Stalker x5  
  171  10:34  Pylon  
  171  10:37  Dark Templar  
  171  10:39  Nexus  
  171  10:42  Stalker x2  
  177  10:51  Protoss Ground Weapons Level 3 (Chrono Boost)  
  177  10:52  Probe x4  
  177  10:59  Stalker  
  177  11:00  Stalker x2  
  177  11:03  Zealot x2  
  177  11:04  Zealot  
  189  11:08  Photon Cannon  
  189  11:12  Photon Cannon  
  171  11:28  Stalker x7  
  180  11:33  Disruptor (Chrono Boost), Photon Cannon  
  180  11:39  Photon Cannon  
  183  11:47  Probe x2  
  181  11:48  Probe  
  181  11:49  Probe  
  181  11:51  Zealot  
  185  11:56  Probe  
  185  11:59  Disruptor (Chrono Boost), Probe x2, Photon Cannon  
  185  12:00  Probe, Photon Cannon  
  185  12:01  Shield Battery, Probe  
  190  12:05  Robotics Facility  
  185  12:28  Disruptor (Chrono Boost)  
  181  12:34  Gravitic Boosters  
  184  12:37  Stalker x6  
  196  12:48  Nexus  
  194  12:58  Observer  
  187  13:12  Disruptor  
  180  13:14  Zealot x8  
  180  13:15  Zealot x3  
  180  13:18  Disruptor  
  197  13:22  Probe x3  
  197  13:24  Photon Cannon, Gateway  
  197  13:26  Photon Cannon  
  200  13:27  Photon Cannon, Gateway  
  200  13:29  Shield Battery, Gateway  
  200  13:32  Gateway  
  200  13:33  Pylon  
  200  13:34  Gateway  
  199  13:48  Observer  
  182  13:58  Disruptor (Chrono Boost)  
  174  14:04  Zealot x11  
  174  14:06  Disruptor (Chrono Boost)  
  196  14:11  Probe x2  
  196  14:12  Probe x2  
  185  14:24  Zealot x4  
  185  14:25  Disruptor, Zealot x4  
  194  14:35  Disruptor  
  179  14:49  Zealot x2  
  179  14:50  Zealot x9  
  189  14:55  Zealot x5  
  199  15:02  Observer  
  199  15:05  Assimilator  
  198  15:10  Disruptor, Assimilator  
  195  15:17  Observer  
  195  15:18  Nexus  
  195  15:19  Pylon  
  179  15:28  Stalker x9  
  179  15:29  Nexus, Stalker  
  199  15:37  Pylon  
  199  15:40  Pylon  
  197  15:55  Stalker x4  
  197  15:56  Stalker x4  
  187  16:09  Stalker x8  
  194  16:16  Disruptor  
  183  16:24  Zealot x5  
  183  16:25  Zealot x3  
  193  16:29  Photon Cannon  
  193  16:30  Probe  
  193  16:31  Probe x4  
  198  16:33  Photon Cannon  
  198  16:36  Photon Cannon  
  198  16:37  Photon Cannon  
  198  16:38  Photon Cannon  
  194  16:42  Zealot x4  
  194  16:44  Assimilator  
  188  16:56  Assimilator  
  188  16:57  Assimilator  
Show
View Real Time Build Order
Export as new Build Order

Geralt Protoss 

Build Orders: Phoenix Opening 

Get SALT Encoding   

  12  0:00  Probe  
  13  0:12  Probe  
  14  0:19  Pylon  
  14  0:24  Probe (Chrono Boost)  
  15  0:37  Probe (Chrono Boost)  
  15  0:38  Gateway  
  16  0:45  Probe (Chrono Boost)  
  16  0:48  Assimilator  
  17  0:52  Probe (Chrono Boost)  
  17  0:56  Assimilator  
  18  1:04  Probe (Chrono Boost)  
  19  1:10  Gateway  
  19  1:13  Probe (Chrono Boost)  
  20  1:24  Probe  
  21  1:27  Cybernetics Core  
  21  1:36  Probe  
  22  1:41  Pylon  
  22  1:45  Pylon  
  22  1:48  Probe  
  24  2:05  Stalker x2  
  24  2:07  Pylon  
  27  2:11  Probe  
  28  2:23  Probe  
  28  2:24  Pylon  
  29  2:30  Stargate  
  29  2:35  Probe  
  29  2:37  Pylon  
  30  2:49  Probe  
  30  3:01  Probe  
  30  3:04  Nexus  
  31  3:12  Phoenix (Chrono Boost), Warp Gate (Chrono Boost)  
  31  3:18  Probe  
  34  3:28  Shield Battery  
  34  3:30  Probe  
  35  3:34  Phoenix (Chrono Boost)  
  37  3:43  Probe  
  37  3:49  Pylon  
  37  3:50  Phoenix  
  39  4:01  Probe  
  39  4:13  Probe  
  39  4:16  Probe  
  41  4:23  Twilight Council  
  41  4:25  Probe  
  41  4:28  Shield Battery, Probe  
  43  4:37  Probe  
  44  4:40  Probe  
  44  4:43  Gateway  
  45  4:49  Probe  
  45  4:52  Phoenix  
  48  4:53  Probe  
  48  4:54  Blink (Chrono Boost)  
  49  5:01  Probe  
  49  5:05  Probe  
  49  5:06  Gateway  
  51  5:13  Probe  
  52  5:17  Probe  
  53  5:21  Nexus  
  53  5:28  Assimilator  
  53  5:30  Oracle  
  56  5:39  Stalker, Pylon  
  56  5:40  Stalker  
  60  5:44  Pylon  
  60  5:50  Stalker  
  62  5:57  Probe x2  
  62  6:03  Stalker  
  62  6:04  Stalker  
  68  6:07  Shield Battery  
  68  6:09  Probe  
  69  6:14  Probe  
  69  6:16  Forge  
  70  6:21  Probe, Stalker  
  73  6:26  Stalker  
  73  6:27  Probe (Chrono Boost)  
  76  6:34  Probe x2 (Chrono Boost)  
  76  6:39  Probe (Chrono Boost), Stalker x2  
  83  6:44  Probe x2 (Chrono Boost)  
  83  6:45  Probe (Chrono Boost)  
  86  6:47  Protoss Ground Weapons Level 1 (Chrono Boost)  
  86  6:51  Probe  
  86  6:53  Gateway  
  87  6:55  Probe  
  88  7:05  Probe  
  88  7:08  Probe, Stalker  
  88  7:09  Stalker  
  88  7:12  Pylon  
  88  7:15  Pylon  
  92  7:16  Probe  
  92  7:19  Gateway  
  93  7:25  Assimilator  
  93  7:30  Robotics Facility, Probe  
  93  7:34  Stalker x4  
  102  7:45  Nexus  
  102  7:46  Pylon  
  102  7:59  Gateway  
  102  8:01  Gateway  
  102  8:03  Stalker x3  
  102  8:04  Stalker  
  110  8:08  Probe x3  
  110  8:11  Pylon  
  113  8:13  Charge (Chrono Boost)  
  113  8:17  Observer  
  112  8:28  Stalker x2  
  114  8:36  Stalker x3  
  114  8:39  Protoss Ground Weapons Level 2 (Chrono Boost), Pylon  
  114  8:41  Pylon  
  120  8:42  Pylon  
  120  8:46  Shield Battery  
  120  8:47  Pylon  
  120  8:55  Stalker x3  
  121  9:10  Stalker x2  
  121  9:11  Stalker x2  
  121  9:12  Probe  
  121  9:16  Photon Cannon  
  130  9:19  Pylon  
  130  9:20  Photon Cannon  
  130  9:30  Stalker x4  
  138  9:36  Gateway  
  138  9:37  Gateway  
  139  9:38  Observer  
  139  9:50  Observer, Probe  
  139  9:51  Probe x2  
  142  9:53  Probe  
  142  9:57  Robotics Bay  
  143  10:00  Assimilator  
  143  10:01  Assimilator  
  143  10:03  Probe x3, Assimilator  
  143  10:05  Probe  
  147  10:07  Assimilator  
  147  10:10  Observer  
  147  10:11  Pylon  
  147  10:15  Probe x2  
  147  10:17  Nexus  
  149  10:21  Zealot  
  149  10:22  Zealot x5  
  149  10:25  Pylon  
  149  10:27  Zealot x2  
  164  10:35  Pylon  
  164  10:36  Observer  
  164  10:41  Zealot x2, Photon Cannon  
  164  10:42  Zealot x2  
  172  10:45  Zealot x2  
  172  10:46  Zealot  
  172  10:48  Disruptor (Chrono Boost)  
  181  10:58  Protoss Ground Weapons Level 3 (Chrono Boost)  
  181  11:03  Robotics Facility  
  180  11:07  Photon Cannon  
  180  11:11  Zealot  
  180  11:12  Zealot x4  
  168  11:27  Disruptor (Chrono Boost)  
  163  11:37  Zealot x3, Stalker x3  
  163  11:38  Zealot x4  
  177  11:52  Probe  
  178  11:55  Photon Cannon  
  178  11:56  Disruptor, Photon Cannon  
  178  11:57  Pylon  
  181  12:05  Disruptor  
  184  12:11  Zealot x6  
  184  12:12  Zealot  
  197  12:16  Dark Shrine  
  185  12:25  Probe  
  185  12:28  Photon Cannon  
  182  12:31  Photon Cannon  
  182  12:34  Observer  
  183  12:40  Nexus  
  183  12:41  Probe  
  183  12:43  Pylon  
  184  12:48  Fleet Beacon  
  175  13:00  Observer  
  175  13:01  Stalker x7  
  166  13:19  Disruptor x2, Pylon  
  168  13:35  Protoss Shields Level 1  
  168  13:36  Zealot x9  
  186  13:45  Nexus  
  185  13:55  Disruptor  
  188  14:00  Disruptor  
  189  14:13  Zealot x5  
  169  14:25  Stalker x2  
  169  14:26  Stalker x3  
  169  14:31  Disruptor  
  178  14:35  Pylon  
  178  14:37  Photon Cannon  
  175  14:41  Disruptor  
  171  14:57  Probe  
  171  14:58  Probe x2  
  171  14:59  Probe  
  175  15:01  Zealot x5  
  175  15:02  Zealot x5  
  175  15:06  Disruptor  
  188  15:17  Disruptor  
  173  15:28  Dark Templar x8  
  182  15:42  Disruptor, Nexus  
  185  15:43  Pylon  
  185  15:53  Observer  
  134  16:13  Stalker x9  
  134  16:14  Disruptor  
  146  16:26  Disruptor  
  146  16:29  Archon x2  
  149  16:34  Zealot  
  116  16:53  Stalker x3  
  116  16:54  Stalker x7  
Tags
 
Add a new tag
Caveats
  • Supply blocks, unpowered buildings, or Contaminate may cause inaccurate times.
  • Supply counts are checked every 10 seconds.